AoeStats
← VIT Liereyy

Arena

508420945Analyzed
1v1 RM · 11d ago on Sep 22, 2026· 27m 51s· 2 players
Game mode
Random Map
Map size
Tiny (2 player)
Population
200
Speed
Normal
Resources
Standard
Victory
Conquest
Starting age
Dark Age
Ending age
Imperial Age
RankedLock teamsTeams togetherTeam positionsShared explorationLock speedFull tech treeHidden civsTurbo modeCheats
Victory
Defeat
🇦🇹 Teutons · Austria
2923
+5
🇮🇹 Inca · Italy
2641
-5
RoR | Vodka_L_2
10:00 Feudal Age
10:03 Loom
15:21 Castle Age
21:52 Horse Collar
24:14 Double-Bit Axe
27:03 Bow Saw
VIT Liereyy
8:49 Feudal Age
7:36 Loom
9:24 Double-Bit Axe
10:47 Loom
13:38 Fletching
14:29 Horse Collar
21:47 Castle Age
20:57 Gold Mining
23:27 Redemption
25:22 Sanctity
29:48 Imperial Age
Connection lost

Rejoining the realm…

Still unreachable

The connection could not be restored.

Session expired

The server has moved on; the page needs a fresh start.